 Dungeon Crawl Stone Soup version 0.30.0 (webtiles) character file.

Game seed: 14367826746702731799

4879 Brutalitops the Carver (level 10, -7/135 HPs)
             Began as a Hill Orc Berserker on May 6, 2023.
             Was an Elder of Trog.
             Mangled by an orc knight
             ... wielding a +0 halberd
              (29 damage)
             ... in a bailey.
             The game lasted 00:19:57 (7304 turns).

Brutalitops the Carver (Hill Orc Berserker)         Turns: 7304, Time: 00:19:57

Health: -7/135     AC: 14    Str: 31    XL:     10   Next: 50%
Magic:  10/10      EV: 11    Int:  7    God:    Trog [****..]
Gold:   316        SH:  0    Dex: 16    Spells: 9/9 levels left

rFire   . . .        k - +2 falchion (elec)
rCold   . . .        (no shield)
rNeg    . . .        j - +0 chain mail
rPois   .            l - +0 helmet
rElec   .            d - +0 cloak
rCorr   .            (no gloves)
SInv    .            (no boots)
Will    .....        (no amulet) Stlth
                     c - +6 ring of strength
HPRegen 0.42/turn    g - +6 ring of dexterity
MPRegen 0.12/turn

%: no passive effects
@: berserking (expiring), very quick
A: no striking features
a: Renounce Religion, Berserk, Trog's Hand, Brothers in Arms


You were in a bailey.
You worshipped Trog.
Trog was greatly pleased with you.
You visited 1 branch of the dungeon, and saw 7 of its levels.
You also visited: Bailey.

You collected 316 gold pieces.

Inventory:

Hand Weapons
 a - a +0 hand axe
 k - a +2 falchion of electrocution (weapon)
 m - a +2 whip of electrocution
 p - a +0 war axe
 w - a +3 bardiche of protection
Missiles
 q - a throwing net (quivered)
Armour
 d - a +0 cloak (worn)
 j - a +0 chain mail (worn)
 l - a +0 helmet (worn)
Jewellery
 c - a +6 ring of strength (left hand)
 g - a +6 ring of dexterity (right hand)
 r - a ring of willpower
Wands
 s - a wand of digging (4)
Scrolls
 u - a scroll of teleportation
Potions
 b - 4 potions of curing
 e - 4 potions of cancellation
 f - 3 potions of heal wounds
 h - a potion of ambrosia {unknown}
 i - a potion of resistance {unknown}
 n - a potion of mutation {unknown}
 o - a potion of flight {unknown}
 t - a potion of might {unknown}
 v - a potion of attraction {unknown}


   Skills:
 + Level 8.5 Fighting
 + Level 10.7 Long Blades
 + Level 5.4 Axes
 + Level 8.9 Armour
 + Level 3.7 Dodging
 + Level 1.5 Stealth


You had 9 spell levels left.
You didn't know any spells.
Your spell library was empty.

Dungeon Overview and Level Annotations

Branches:
Dungeon (7/15)             Temple (0/1) D:4          Bailey (1/1)

Altars:
Gozag
Hepliaklqana
Makhleb
Sif Muna
Uskayaw
Wu Jian
Xom

Shops:
D:5 [


Message History

You slash the orc!
You kill the orc!
Trog accepts your kill.
The orc knight hits you with a +0 glaive!
The orc knight barely misses you.
You slash the orc knight!
The orc knight is lightly wounded.
You slash the orc knight!
Lightning courses through the orc knight!
The orc knight is heavily wounded.
The orc knight closely misses you.
The orc knight hits you from afar with a +0 halberd!
You closely miss the orc knight.
The orc knight is heavily wounded.
You closely miss the orc knight.
The orc knight is heavily wounded.
The orc knight hits you with a +0 glaive!!
The orc knight barely misses you.
You slash the orc knight!
The orc knight is heavily wounded.
You slash the orc knight! You punch the orc knight!
The orc knight is almost dead.
The orc knight hits you with a +0 glaive!
* * * LOW HITPOINT WARNING * * *
The orc knight closely misses you.
You slash the orc knight!
The orc knight is almost dead.
You hit the orc knight.
You kill the orc knight!
Trog accepts your kill.
The orc knight hits you from afar with a +0 halberd!!
* * * LOW HITPOINT WARNING * * *
Things that are here:
a +0 glaive; a +0 chain mail You are too berserk!
You hit the orc knight.
Lightning courses through the orc knight!
The orc knight is moderately wounded.
The orc knight hits you with a +0 halberd!!
You die...

..≈#.....................))..#≈..
..≈##)∩#≈...............≈#∩.##≈..
..≈≈#)##≈....#######....≈##.#≈≈..
...≈≈.≈≈≈....##....##...≈≈≈.≈≈...
......)......##.....##...........
.............##'''#..##..........
.........##..##∩.∩##..#..........
.........##.####'####.##.........
.........##.')#)@.#.'.##.........
.........##.###.o.###.##.........
.........##.')#).?#)'.##.........
.........##.#########.##.........
..........#..##)#)##..#..........
..........##..#'#'#..##..........
...........##.......##...........
...≈≈)≈≈≈...#########...≈≈≈.≈≈...
..≈≈#)##≈......###......≈##)#≈≈..


You could see an orc knight (strong).

Vanquished Creatures
  An orc knight (Bailey)
  5 yaks (D:6)
  Sigmund (D:3)
  2 steam dragons (D:6)
  2 water moccasins (D:6)
  12 orc warriors (Bailey)
  2 ice beasts (D:6)
  2 ogres (D:5)
  A black bear (D:5)
  A centaur (D:6)
  A phantom (D:4)
  2 bullfrogs
  2 gnoll sergeants
  3 scorpions
  3 howler monkeys (D:7)
  4 jellies
  An orc priest (D:4)
  Crazy Yiuf (D:2)
  3 hounds
  3 iguanas (D:6)
  2 sleepcaps (D:5)
  2 orc wizards
  Robin (D:3)
  14 gnolls
  11 adders
  2 white imps
  An ufetubus (D:5)
  2 dart slugs (D:4)
  17 orcs
  3 bats
  6 endoplasms
  2 giant cockroaches
  17 goblins
  8 hobgoblins
  11 jackals
  4 quokkas
  5 ball pythons
  4 frilled lizards
  5 kobolds
  3 rats
172 creatures vanquished.

Notes
Turn   | Place    | Note
-------+----------+-------------------------------------------
     0 | D:1      | Brutalitops the Hill Orc Berserker began the quest for the
                  | Orb.
     0 | D:1      | Reached XP level 1. HP: 19/19 MP: 1/1
   192 | D:1      | Reached XP level 2. HP: 26/27 MP: 2/2
   808 | D:2      | Reached XP level 3. HP: 29/33 MP: 3/3
  1138 | D:2      | Found a runed translucent door.
  1139 | D:2      | Noticed Crazy Yiuf
  1320 | D:2      | Found a shimmering altar of Xom.
  1571 | D:2      | Reached skill level 5 in Axes
  1571 | D:2      | Reached XP level 4. HP: 41/41 MP: 4/4
  1648 | D:2      | Killed Crazy Yiuf
  1944 | D:3      | Reached ** piety under Trog
  1959 | D:3      | Noticed Robin
  1991 | D:3      | Reached skill level 1 in Long Blades
  1991 | D:3      | Reached XP level 5. HP: 29/47 MP: 5/5
  1992 | D:3      | Killed Robin
  2188 | D:3      | Reached skill level 2 in Long Blades
  2192 | D:3      | Reached XP level 6. HP: 27/53 MP: 6/6
  2400 | D:3      | Reached skill level 3 in Long Blades
  2544 | D:3      | Noticed Sigmund
  2553 | D:3      | Killed Sigmund
  2554 | D:3      | Reached skill level 5 in Fighting
  2554 | D:3      | Reached skill level 4 in Long Blades
  2710 | D:3      | Reached XP level 7. HP: 61/61 MP: 7/7
  2822 | D:4      | Found a staircase to the Ecumenical Temple.
  3022 | D:4      | Reached *** piety under Trog
  3527 | D:4      | Found an opulent altar of Gozag.
  3527 | D:4      | Found an ornate altar of the Wu Jian Council.
  3534 | D:4      | Found a faded altar of an unknown god.
  3536 | D:4      | Found a hazy altar of Hepliaklqana.
  3538 | D:4      | Found a shimmering blue altar of Sif Muna.
  3762 | D:4      | Reached skill level 5 in Long Blades
  3803 | D:5      | Entered Level 5 of the Dungeon
  3809 | D:5      | Reached skill level 1 in Stealth
  3946 | D:5      | Reached XP level 8. HP: 69/69 MP: 8/8
  3965 | D:5      | Found Oleat's Armour Emporium.
  3995 | D:5      | Reached skill level 6 in Long Blades
  3997 | D:5      | Reached skill level 5 in Armour
  4310 | D:5      | Found a burning altar of Makhleb.
  4371 | D:5      | Reached skill level 7 in Long Blades
  4735 | D:6      | Found a hide-covered altar of Uskayaw.
  4760 | D:6      | Reached skill level 8 in Long Blades
  4760 | D:6      | Reached XP level 9. HP: 42/75 MP: 9/9
  5644 | D:6      | Reached skill level 9 in Long Blades
  6482 | D:7      | Reached XP level 10. HP: 80/88 MP: 10/10
  6539 | D:7      | Found a flagged portal.
  6557 | Bailey   | Entered a bailey
  6606 | Bailey   | Reached skill level 10 in Long Blades
  6762 | Bailey   | Reached **** piety under Trog
  7290 | Bailey   | Found a roughly hewn altar of Beogh.
  7290 | Bailey   | Noticed an orc knight
  7290 | Bailey   | Noticed an orc knight
  7302 | Bailey   | Killed an orc knight
  7304 | Bailey   | Mangled by an orc knight

Illustrated notes

Levels and vault maps discovered:
D:1:      lemuel_arrival_cross, layout_loops_ring, minmay_crystal_room
D:2:      layout_basic, basic_altar, due_unseen_surprise,
          uniq_crazy_yiuf_cottage
D:3:      layout_basic, chequers_avenue, uniq_sigmund, uniq_robin
D:4:      layout_loops_ring, chequers_temple_overflow_minitemple,
          minmay_temple_entry_hall
D:5:      layout_rooms, bloody_makhleb, serial_shops, shop
D:6:      layout_gridville, old_standard_altar
D:7:      layout_basic, mainiacjoe_overflow_chevrons,
          nicolae_ossuary_entry_plus, enter_bailey_5, nicolae_zen_rock_garden,
          chequers_mini_garden
Bailey:   bailey_polearm_2, bailey

Skill      XL: |  1  2  3  4  5  6  7  8  9 10 |
---------------+-------------------------------+-----
Fighting       | 4 5 6 7 8 |  8.5
Dodging        | 2 3 |  3.7
Axes           | 5 |  5.4
Armour         | 3 4 6 7 8 |  8.9
Long Blades    | 1 2 4 5 8 9 10 | 10.7
Stealth        | 1 |  1.5

Action                     |  1- 3 |  4- 6 |  7- 9 | 10-12 || total
---------------------------+-------+-------+-------+-------++-------
  Melee: Hand axe          |    94 |       |       |       ||    94
         Falchion          |    14 |   125 |   332 |   132 ||   603
         Punch             |       |     1 |     4 |     1 ||     6
 Invoke: Berserk           |     1 |     2 |     5 |     1 ||     9
    Use: Scroll            |       |     5 |     3 |       ||     8
         Potion            |       |       |     1 |       ||     1
 Armour: Animal skin       |     4 |       |       |       ||     4
         Ring mail         |    26 |       |       |       ||    26
         Chain mail        |     9 |    72 |   197 |    48 ||   326
  Dodge: Dodged            |    69 |    90 |   167 |    74 ||   400
